 Dungeon Crawl Stone Soup version 0.28.0-45-g0d030f2227 (webtiles) character file.

Game seed: 14147619578470640186

370 protoss039 the Digger (level 6, 0/37 HPs)
             Began as a Gargoyle Earth Elementalist on May 9, 2022.
             Slain by Pikel
             ... wielding a +1 whip of flaming
              (2 damage)
             ... on level 3 of the Dungeon.
             The game lasted 00:06:17 (4290 turns).

protoss039 the Digger (Gargoyle Earth Elementalist) Turns: 4290, Time: 00:06:18

Health: 0/37       AC:  8    Str: 11    XL:     6   Next: 70%
Magic:  4/12       EV: 15    Int: 18    God:
Gold:   97         SH:  0    Dex: 10    Spells: 7/13 levels left

rFire   . . .      SeeInvis .   h - +3 long sword
rCold   . . .      Faith    .   (no shield)
rNeg    + . .      Spirit   .   b - +0 robe
rPois   ∞          Reflect  .   p - +0 helmet
rElec   +          Harm     .   (no cloak)
rCorr   .          Rampage  .   n - +0 pair of gloves
Will    .....                   (no boots)
Stlth   ++........              (no amulet)
HPRegen 0.12/turn               k - +4 ring of evasion
MPRegen 0.13/turn               (no ring)

@: no status effects
A: sickness immunity, AC +4, negative energy resistance 1, electricity
resistance, torment resistance 1, petrification resistance
a: no special abilities


You were on level 3 of the Dungeon.
You visited 1 branch of the dungeon, and saw 4 of its levels.

You collected 97 gold pieces.

Inventory:

Hand Weapons
 h - a +3 long sword (weapon)
Missiles
 c - 59 stones
Armour
 b - a +0 robe (worn)
 n - a +0 pair of gloves (worn)
 p - a +0 helmet (worn)
Jewellery
 k - a +4 ring of evasion (left hand)
Scrolls
 a - 2 scrolls of enchant armour {unknown}
 d - a scroll of magic mapping {unknown}
 e - 5 scrolls of identify {unknown}
 f - a scroll of acquirement {unknown}
 l - a scroll of immolation {unknown}
 r - a scroll of amnesia {unknown}
 t - a scroll of fear {unknown}
Potions
 g - a potion of mutation {unknown}
 i - 2 potions of cancellation {unknown}
 j - a potion of brilliance {unknown}
 m - a potion of heal wounds {unknown}
 o - a potion of lignification {unknown}
 q - a potion of attraction {unknown}
 s - a potion of curing {unknown}


   Skills:
 - Level 3.0 Fighting
 - Level 1.5 Dodging
 - Level 2.1 Stealth
 + Level 4.3 Spellcasting
 - Level 1.0 Transmutations
 + Level 5.9 Earth Magic


You had 7 spell levels left.
You knew the following spells:

 Your Spells              Type           Power      Damage    Failure   Level
a - Sandblast             Erth           50%        2d12      1%          1
b - Passwall              Tmut/Erth      13%        N/A       4%          2
c - Stone Arrow           Conj/Erth      28%        3d8       12%         3

Your spell library contained the following spells:

 Spells                   Type           Power      Damage    Failure   Level
 Beastly Appendage        Tmut           14%        N/A       10%         1
 Wereblood                Tmut           7%         N/A       14%         2
 Ensorcelled Hibernation  Hex/Ice        6%         N/A       22%         2
 Petrify                  Tmut/Erth      16%        N/A       32%         4
 Spider Form              Tmut/Pois      5%         N/A       34%         3
 Anguish                  Hex/Necr       1%         N/A       80%         4


Dungeon Overview and Level Annotations

Branches:
Dungeon (4/15)
 Temple: D:4-7

Altars:
Trog
Yredelemnul

Annotations:
D:3 Pikel


Innate Abilities, Weirdness & Mutations

You are immune to sickness and miasma.
Your stone body is resilient. (AC +4)
You are immune to poison.
You resist negative energy. (rN+)
You are resistant to electric shocks. (rElec)
You are resistant to unholy torment.
You are immune to petrification.


Message History

Casting: Sandblast (safe; 1% risk of failure)
Confirm with . or Enter, or press ? or * to list all spells.
Aiming: Sandblast (safe; 1% risk of failure)
Press: ? - help, Shift-Dir - straight line, f/p - Pikel
Aim: Pikel, wielding a +1 whip of flaming and wearing a +1 robe of the Archmagi (heavily wounded, 76% to hit)
The blast of sand hits Pikel but does no damage.
Pikel is heavily wounded.
Pikel hits you with a +1 whip of flaming.
* * * LOW HITPOINT WARNING * * *
Pikel burns you.
* * * LOW HITPOINT WARNING * * *
Unknown command.
Casting: Sandblast (safe; 1% risk of failure)
Confirm with . or Enter, or press ? or * to list all spells.
Aiming: Sandblast (safe; 1% risk of failure)
Press: ? - help, Shift-Dir - straight line, f/p - Pikel
Aim: Pikel, wielding a +1 whip of flaming and wearing a +1 robe of the Archmagi (heavily wounded, 76% to hit)
The blast of sand hits Pikel!
Pikel is severely wounded.
Pikel misses you.
Unknown command.
Casting: Sandblast (safe; 1% risk of failure)
Confirm with . or Enter, or press ? or * to list all spells.
Aiming: Sandblast (safe; 1% risk of failure)
Press: ? - help, Shift-Dir - straight line, f/p - Pikel
Aim: Pikel, wielding a +1 whip of flaming and wearing a +1 robe of the Archmagi (severely wounded, 76% to hit)
The blast of sand misses Pikel.
Pikel closely misses you.
Unknown command.
Unknown command.
Casting: Sandblast (safe; 1% risk of failure)
Confirm with . or Enter, or press ? or * to list all spells.
Aiming: Sandblast (safe; 1% risk of failure)
Press: ? - help, Shift-Dir - straight line, f/p - Pikel
Aim: Pikel, wielding a +1 whip of flaming and wearing a +1 robe of the Archmagi (severely wounded, 76% to hit)
The blast of sand hits Pikel but does no damage.
Pikel is severely wounded.
Pikel hits you with a +1 whip of flaming.
* * * LOW HITPOINT WARNING * * *
Pikel burns you.
You die...

## ##..#...## ##≈§..≈#≈##
#....#.)####≈≈≈≈≈#§#
#...###)#.###⌠#⌠##≈# #..##
#)#.#######≈≈#
#..####......###.###
#....#...)##.....<.# #
###.........#####.##.#######
##.............)<............
#####...........@.#####......####
#...............K.# ####...####
#...[..#.......[.## ##.....)
#.<....##...#...## ######....
#......##.####### #####......<..
#......##.## ##.....########
#########..########..##### #
##....†.....## # ############


You could see Pikel.

Vanquished Creatures
  Grinder (D:3)
  An iguana (D:3)
  Robin (D:3)
  3 adders
  2 worms (D:2)
  6 dart slugs
  7 orcs (D:3)
  11 ball pythons
  5 bats
  4 endoplasms
  4 giant cockroaches
  16 goblins
  6 hobgoblins
  7 kobolds
  5 quokkas
  6 frilled lizards
  3 rats
88 creatures vanquished.

Notes
Turn   | Place    | Note
-------+----------+-------------------------------------------
     0 | D:1      | protoss039 the Gargoyle Earth Elementalist began the quest
                  | for the Orb.
     0 | D:1      | Reached XP level 1. HP: 10/10 MP: 3/3
    46 | D:1      | Reached skill level 1 in Transmutations
   330 | D:1      | Reached XP level 2. HP: 10/15 MP: 5/5
   449 | D:1      | Reached skill level 4 in Earth Magic
   874 | D:1      | Found a faded altar of an unknown god.
  1101 | D:1      | Reached XP level 3. HP: 19/19 MP: 6/6
  1854 | D:1      | Learned a level 2 spell: Passwall
  1858 | D:1      | Learned a level 3 spell: Stone Arrow
  1940 | D:2      | Reached skill level 1 in Fighting
  1940 | D:2      | Reached XP level 4. HP: 11/25 MP: 6/8
  2519 | D:2      | Found a basalt altar of Yredelemnul.
  3085 | D:3      | Noticed Grinder
  3121 | D:3      | Paralysed by Grinder for 3 turns
  3128 | D:3      | Paralysed by Grinder for 4 turns
  3136 | D:3      | Paralysed by Grinder for 5 turns
  3372 | D:3      | Killed Grinder
  3373 | D:3      | Reached skill level 5 in Earth Magic
  3373 | D:3      | Reached XP level 5. HP: 29/32 MP: 1/11
  3373 | D:3      | Reached XP level 6. HP: 34/37 MP: 1/12
  3465 | D:3      | Noticed Robin
  3481 | D:3      | Killed Robin
  3995 | D:3      | Found a bloodstained altar of Trog.
  4255 | D:4      | Noticed Pikel
  4290 | D:3      | Slain by Pikel

Illustrated notes

Levels and vault maps discovered:
D:1:      minmay_arrival_loop, layout_loops_corners,
          shapermc_ecumenical_altar_pompeii
D:2:      layout_rooms, basic_altar
D:3:      layout_rooms, lightli_temple_of_fire, uniq_grinder, uniq_robin
D:4:      kennysheep_slugbush, layout_rooms, minmay_temple_entry_butterflies,
          serial_shops, shop_fountains, uniq_pikel

Skill      XL: |  1  2  3  4 |
---------------+-------------+-----
Transmutations | 1 |  1.0
Earth Magic    | 4 5 |  5.9
Fighting       | 1 3 |  3.0
Spellcasting   | 4 |  4.3
Dodging        | |  1.5
Stealth        | |  2.1

Action                   |  1- 3 |  4- 6 || total
-------------------------+-------+-------++-------
Melee: Unarmed           |    24 |       ||    24
       Punch             |     3 |       ||     3
       Short sword       |    55 |       ||    55
       Mace              |    10 |       ||    10
       Long sword        |    13 |   129 ||   142
 Cast: Sandblast         |    15 |    40 ||    55
 Stab: Sleeping          |     5 |     2 ||     7
Armor: Robe              |    47 |    49 ||    96
Dodge: Dodged            |    72 |   126 ||   198
